 Dungeon Crawl Stone Soup version 0.26.1-11-gd32895ea62 (webtiles) character file.

Game seed: 14927814343554109212

2908 Zeld the Geomancer (level 9, -8/45 HPs)
             Began as a Gargoyle Earth Elementalist on June 6, 2021.
             Was a Follower of Sif Muna.
             Killed by blast of rock fragments (34 damage)
             ... on level 7 of the Dungeon.
             The game lasted 00:19:20 (14394 turns).

Zeld the Geomancer (Gargoyle Earth Elementalist)   Turns: 14394, Time: 00:19:21

Health: -8/45      AC: 12    Str: 13    XL:     9   Next: 78%
Magic:  0/17       EV: 29    Int: 18    God:    Sif Muna [*.....]
Gold:   453        SH:  0    Dex: 10    Spells: 4/19 levels left

rFire    . . .     SeeInvis .   (no weapon)
rCold    . . .     Faith    .   (no shield)
rNeg     + . .     Spirit   .   B - +0 robe (curse)
rPois    ∞         Reflect  .   y - +0 helmet
rElec    +         Harm     .   v - +0 cloak
rCorr    .         Rampage  .   x - +0 pair of gloves
Will     .....                  m - +0 pair of boots (curse)
Stlth    ++........             f - amulet of the acrobat
HPRegen  0.15/turn              (no ring)
MPRegen  0.15/turn              (no ring)

@: acrobat
A: negative energy resistance 1, electricity resistance, unbreathing,
petrification resistance, miasma immunity, AC +6
a: Renounce Religion, Channel Magic


You were on level 7 of the Dungeon.
You worshipped Sif Muna.
Sif Muna was aware of your devotion.
You visited 2 branches of the dungeon, and saw 8 of its levels.

You collected 453 gold pieces.

Inventory:

Missiles
 z - 24 stones (quivered)
Armour
 m - a cursed +0 pair of boots (worn)
 s - a +2 robe of fire resistance
 v - a +0 cloak (worn)
 x - a +0 pair of gloves (worn)
 y - a +0 helmet (worn)
 B - a cursed +0 robe (worn)
Jewellery
 c - a cursed ring of teleportation {unknown}
 e - an uncursed ring of magical power {unknown}
 f - an amulet of the acrobat (around neck)
 r - a +6 ring of intelligence {unknown}
Scrolls
 a - a scroll of immolation {unknown}
 b - 5 scrolls of teleportation {unknown}
 d - 12 scrolls of identify {unknown}
 h - 5 scrolls of amnesia {unknown}
 i - 4 scrolls of enchant weapon {unknown}
 k - 6 scrolls of remove curse {unknown}
 o - a scroll of enchant armour {unknown}
 p - 2 scrolls of fog {unknown}
 t - a scroll of magic mapping {unknown}
Potions
 g - 4 potions of heal wounds {unknown}
 j - 2 potions of brilliance {unknown}
 l - a potion of curing {unknown}
 n - 2 potions of degeneration {unknown}
 q - a potion of might {unknown}
 u - 2 potions of mutation {unknown}
 w - a potion of cancellation {unknown}
 A - a potion of haste
 C - a potion of flight {unknown}


   Skills:
 + Level 5.4 Dodging
 - Level 2.1 Stealth
 + Level 5.9 Spellcasting
 - Level 0.7 Transmutations
 * Level 11.1 Earth Magic
 * Level 4.5 Invocations


You had 4 spell levels left.
You knew the following spells:

 Your Spells              Type           Power        Failure   Level
a - Sandblast             Erth           90%          1%          1
b - Passwall              Tmut/Erth      21%          1%          2
c - Stone Arrow           Conj/Erth      50%          3%          3
d - Petrify               Tmut/Erth      26%          11%         4
e - Lee's Rapid Deconstr  Erth           22%          3%          5

Your spell library contained the following spells:

 Spells                   Type           Power        Failure   Level


Dungeon Overview and Level Annotations

Branches:
Dungeon (7/15)             Temple (1/1) D:5

Altars:
Ashenzari
Cheibriados
Dithmenos
Elyvilon
Gozag
Hepliaklqana
Kikubaaqudgha
Nemelex Xobeh
Okawaru
Ru
Sif Muna
Trog
Vehumet
Wu Jian
Xom
Yredelemnul
Zin

Shops:
D:7 !


Innate Abilities, Weirdness & Mutations

You are resistant to torment.
Your stone body is resilient. (AC +6)
You are immune to poison.
You resist negative energy. (rN+)
You are resistant to electric shocks. (rElec)
You can survive without breathing.
You are immune to petrification.
You are immune to miasma.


Message History

The scorpion closely misses you.
An orc wizard appears from thin air!
Reactivating autopickup.
Okay, then.
Casting: Lee's Rapid Deconstruction (quite dangerous; 3% risk of failure)
Confirm with . or Enter, or press ? or * to list all spells.
The spell is quite dangerous to cast (3% risk of failure)!
Continue anyway?
Aiming: Lee's Rapid Deconstruction (quite dangerous; 3% risk of failure)
Press: ? - help, Dir - move target A rock wall.
That beam is likely to hit you.
Continue anyway?
The wall shatters!
The blast of rock fragments hits the scorpion!
The scorpion is almost dead.
The blast of rock fragments hits the orc wizard!!
You kill the orc wizard!
Sif Muna accepts your kill. The blast of rock fragments hits you!!
Ouch! That really hurt!
You die...

.#
#..##.....#^P...#........
.
#..########..^..#....#...
#..# #.P_..#...###..
#..## #^...^#........
#...#######.^.P.#........
#........####.#####......
#..........#..## ###....
##.........##..# #....
##...s)@..#.### ##...
#†...###.##.# ##..
#..#######..## ###
#)###.....#..#
#.#..........#
#...........#####
##..........## #.##
...............# #..#
#..............# #..##


You could see a scorpion.

Vanquished Creatures
  Pikel (D:6)
  Menkaure (D:3)
  The ghost of Zeld the Sneak, an amateur SpBr of Dithmenos (D:3)
  A sky beast (D:5)
  A phantom (D:6)
  2 orc warriors (D:7)
  2 ice beasts (D:7)
  4 ogres
  A necrophage (D:7)
  A centaur (D:5)
  3 lemures (D:6)
  2 bullfrogs (D:7)
  2 scorpions
  A howler monkey (D:4)
  2 hounds (D:6)
  2 jellies
  A quasit (D:6)
  4 centaur skeletons
  2 orc priests (D:7)
  Jessica (D:3)
  An iguana (D:6)
  Ijyb (D:4)
  5 orc wizards
  A worker ant (D:6)
  A hound zombie (D:6)
  A worker ant zombie (D:5)
  14 gnolls
  8 adders
  An ufetubus (D:5)
  An ooze (D:3)
  An adder zombie (D:7)
  3 worms (D:2)
  4 dart slugs
  4 leopard geckos
  25 orcs
  3 ball pythons (D:1)
  7 giant cockroaches
  10 goblins
  6 hobgoblins
  15 jackals
  3 kobolds (D:2)
  4 quokkas
  14 bats
  12 frilled lizards
  A giant cockroach zombie (D:5)
  A leopard gecko skeleton (D:4)
  11 rats
193 creatures vanquished.

Vanquished Creatures (others)
  3 fungi (D:7)
  4 plants (D:7)
7 creatures vanquished.

Grand Total: 200 creatures vanquished

Notes
Turn   | Place    | Note
-------+----------+-------------------------------------------
     0 | D:1      | Zeld the Gargoyle Earth Elementalist began the quest for
                  | the Orb.
     0 | D:1      | Reached XP level 1. HP: 10/10 MP: 3/3
   194 | D:1      | Reached skill level 4 in Earth Magic
   194 | D:1      | Reached XP level 2. HP: 15/15 MP: 3/5
   197 | D:1      | Learned a level 2 spell: Passwall
   510 | D:1      | Reached XP level 3. HP: 6/19 MP: 0/6
   514 | D:1      | Learned a level 3 spell: Stone Arrow
  1249 | D:2      | Reached XP level 4. HP: 24/24 MP: 3/7
  1455 | D:2      | Reached skill level 5 in Earth Magic
  1872 | D:2      | Reached XP level 5. HP: 18/28 MP: 1/9
  2310 | D:2      | Found a broken altar of Ashenzari.
  2495 | D:2      | Found a snail-covered altar of Cheibriados.
  2775 | D:2      | Learned a level 4 spell: Petrify
  3584 | D:2      | Found a sparkling altar of Nemelex Xobeh.
  3584 | D:2      | Found a basalt altar of Yredelemnul.
  3843 | D:3      | Found a large runed translucent door.
  3843 | D:3      | Found a large runed translucent door.
  3850 | D:3      | Noticed Zeld's ghost (amateur SpBr)
  3877 | D:3      | Reached skill level 6 in Earth Magic
  4371 | D:2      | Reached XP level 6. HP: 6/32 MP: 1/10
  4876 | D:3      | Found a shadowy altar of Dithmenos.
  5295 | D:3      | Noticed Jessica
  5298 | D:3      | Killed Jessica
  6013 | D:4      | Noticed Menkaure
  7364 | D:4      | Reached skill level 7 in Earth Magic
  7364 | D:4      | Reached XP level 7. HP: 36/36 MP: 2/12
  7474 | D:4      | Noticed Ijyb
  8598 | D:4      | Killed Ijyb
  9005 | D:5      | Entered Level 5 of the Dungeon
  9005 | D:5      | Found a broken altar of Ashenzari.
  9258 | D:5      | Reached skill level 8 in Earth Magic
  9322 | D:5      | Reached XP level 8. HP: 41/41 MP: 12/14
  9328 | D:5      | Learned a level 5 spell: Lee's Rapid Deconstruction
  9473 | D:5      | Found a staircase to the Ecumenical Temple.
  9516 | Temple   | Entered the Ecumenical Temple
  9562 | Temple   | Became a worshipper of Sif Muna the Loreminder
  9912 | D:5      | Found a glowing silver altar of Zin.
 10274 | D:3      | Killed Menkaure
 10275 | D:3      | Reached skill level 9 in Earth Magic
 10311 | D:3      | Found a shadowy altar of Dithmenos.
 10443 | D:3      | Found a large runed translucent door.
 10447 | D:3      | Found a large runed translucent door.
 11102 | D:3      | Killed Zeld's ghost
 11353 | D:6      | Reached skill level 5 in Spellcasting
 11386 | D:6      | Found an ancient bone altar of Kikubaaqudgha.
 12221 | D:6      | Reached skill level 10 in Earth Magic
 12221 | D:6      | Reached skill level 1 in Invocations
 12221 | D:6      | Reached XP level 9. HP: 37/45 MP: 1/16
 13112 | D:7      | Found Urahowy's Distillery.
 13132 | D:7      | Noticed Pikel
 13476 | D:6      | Killed Pikel
 13477 | D:6      | Reached skill level 5 in Dodging
 14083 | D:7      | Found a sacrificial altar of Ru.
 14191 | D:7      | Reached * piety under Sif Muna
 14336 | D:7      | Reached skill level 11 in Earth Magic
 14394 | D:7      | Killed by blast of rock fragments

Illustrated notes

Levels and vault maps discovered:
D:1:      psy_arrival_spokes, layout_basic
D:2:      layout_rooms, lemuel_doored_altar, gammafunk_temple_overflow_elements,
          cheibriados_altar_1, kennysheep_potato
D:3:      layout_loops_corners, nicolae_overflow_crystal_walls,
          ebering_ghost_disaster_area, uniq_jessica
D:4:      layout_cave_pods, uniq_ijyb, uniq_menkaure
D:5:      minmay_inner_zag, layout_basic, zin_statuary,
          minmay_temple_entry_trees, basic_altar
D:6:      lemuel_upstairs_altar, layout_basic, kiku_gazebo_pond_becter,
          st_stairs_3, minmay_door_square
D:7:      layout_layer_cave, nicolae_ru_the_path_less_chosen,
          makhleb_grotto_becter, lemuel_coloured_pillars_altar, serial_shops,
          shop, shop, nicolae_shop_waterfront, serial_bayou_pond_d,
          dk_yredelemnul_ordeal, uniq_pikel
Temple:   jpeg_temple_island

Skill      XL: |  1  2  3  4  5  6  7  8  9 |
---------------+----------------------------+-----
Earth Magic    | 4 5 6 7 8 10 11 | 11.1
Dodging        | 2 3 4 5 |  5.4
Spellcasting   | 3 4 5 |  5.9
Invocations    | 1 4 |  4.5
Stealth        | |  2.1
Transmutations | |  0.7

Action                   |  1- 3 |  4- 6 |  7- 9 || total
-------------------------+-------+-------+-------++-------
Melee: Unarmed           |    17 |   535 |   113 ||   665
 Cast: Sandblast         |    45 |    52 |    77 ||   174
       Passwall          |     3 |     1 |     1 ||     5
       Stone Arrow       |       |    53 |    67 ||   120
       Petrify           |       |     3 |     3 ||     6
       Lee's Rapid Decon |       |       |     9 ||     9
 Stab: Sleeping          |       |     4 |       ||     4
       Petrified         |       |    35 |    17 ||    52
       Petrifying        |       |       |     1 ||     1
Armor: Robe              |    19 |   237 |    70 ||   326
Dodge: Dodged            |    44 |   430 |   126 ||   600
